| TOP OF THE 1ST |
|
Toledo Mud Hens batting - Pitching for Omaha Storm Chasers : RHP Jim Haggart
|
|
Pitching: RHP Jim Haggart
|
|
|
Batting: RHB Michel Martineau
|
0-0: Ball 1-0: Swinging Strike 1-1: Ball 2-1: Ball 3-1: Called Strike 3-2: Strikes out swinging
|
|
Batting: RHB Willis Morales
|
0-0: Ball 1-0: Ball 2-0: Called Strike 2-1: Ground out 5-3 (Groundball, 5, EV 89.4 MPH)
|
|
Batting: LHB Bill Ford
|
0-0: Swinging Strike 0-1: Called Strike 0-2: Ball 1-2: Ball 2-2: Ball 3-2: Foul Ball, location: 2F 3-2: Base on Balls
|
|
Batting: RHB Trevor Mock
|
0-0: Called Strike 0-1: Ball 1-1: Ball 2-1: Swinging Strike 2-2: Ball 3-2: Ground out 5-3 (Groundball, 56, EV 89.4 MPH)
|
| Top of the 1st over - 0 runs, 0 hits, 0 errors, 1 left on base; Toledo 0 - Omaha 0 |
| BOTTOM OF THE 1ST |
|
Omaha Storm Chasers batting - Pitching for Toledo Mud Hens : RHP Ramiro Silva
|
|
Pitching: RHP Ramiro Silva
|
|
|
Batting: RHB Kevin Wimberly
|
0-0: Ball 1-0: Swinging Strike 1-1: Called Strike 1-2: Strikes out looking
|
|
Batting: SHB Ryoji Hiraoka
|
0-0: Called Strike 0-1: Called Strike 0-2: Ball 1-2: Strikes out swinging
|
|
Batting: RHB Adam Martin
|
0-0: Ball 1-0: Ball 2-0: Called Strike 2-1: Swinging Strike 2-2: DOUBLE (Flyball, 8LXD, EV 93.8 MPH)
|
|
Batting: RHB Kazuki Arai
|
0-0: Foul Ball, location: 2F 0-1: Called Strike 0-2: Fly out, F8 (Flyball, 8LD, EV 97.5 MPH)
|
| Bottom of the 1st over - 0 runs, 1 hit, 0 errors, 1 left on base; Toledo 0 - Omaha 0 |
| TOP OF THE 2ND |
|
Toledo Mud Hens batting - Pitching for Omaha Storm Chasers : RHP Jim Haggart
|
|
Batting: RHB Sergio Zamora
|
0-0: Ball 1-0: Ball 2-0: Ball 3-0: Base on Balls
|
|
Batting: RHB Dusty Pollert
|
0-0: Ball 1-0: Ball 2-0: Called Strike 2-1: SINGLE (Line Drive, 6D, EV 106.2 MPH) Sergio Zamora to second
|
|
Batting: RHB Adam MacConnell
|
0-0: SINGLE (Groundball, 6MD, EV 97.5 MPH) Sergio Zamora to third Dusty Pollert to second
|
|
Batting: RHB Carlos Armenteros
|
0-0: Ball 1-0: Ball 2-0: Ball 3-0: Called Strike 3-1: Foul Ball, location: 2F 3-2: Grounds into fielders choice U2 (Groundball, 2L, EV 70.6 MPH) Dusty Pollert to third Adam MacConnell to second
|
|
Batting: SHB Scott Bartholomew
|
0-0: Ball 1-0: Grounds into double play, 4-6-3 (Groundball, 4, EV 104.4 MPH)
|
| Top of the 2nd over - 0 runs, 2 hits, 0 errors, 2 left on base; Toledo 0 - Omaha 0 |
| BOTTOM OF THE 2ND |
|
Omaha Storm Chasers batting - Pitching for Toledo Mud Hens : RHP Ramiro Silva
|
|
Batting: RHB Taisei Fujii
|
0-0: Ball 1-0: Ball 2-0: Ball 3-0: Called Strike 3-1: Called Strike 3-2: Foul Ball, location: 2F 3-2: Base on Balls
|
|
Batting: SHB Bill Ertl
|
0-0: Ground out 4-3 (Groundball, 34D, EV 99.4 MPH) Taisei Fujii to second
|
|
Batting: RHB Ken Postlethwaite
|
0-0: Foul Ball, location: 2F 0-1: Swinging Strike 0-2: Foul Ball, location: 2F 0-2: Ground out 6-3 (Groundball, 6S, EV 82.5 MPH)
|
|
Batting: SHB Mike Williams
|
0-0: Ball 1-0: Foul Ball, location: 2F 1-1: Swinging Strike 1-2: Hit by Pitch
|
|
Batting: RHB Justin Goff
|
0-0: Called Strike 0-1: Ball 1-1: Ball 2-1: Foul Ball, location: 2F 2-2: Ball 3-2: Foul Ball, location: 2F 3-2: Fly out, F9 (Flyball, 9S, EV 93.8 MPH)
|
| Bottom of the 2nd over - 0 runs, 0 hits, 0 errors, 2 left on base; Toledo 0 - Omaha 0 |
| TOP OF THE 3RD |
|
Toledo Mud Hens batting - Pitching for Omaha Storm Chasers : RHP Jim Haggart
|
|
Batting: RHB Michel Martineau
|
0-0: Foul Ball, location: 2F 0-1: Ball 1-1: Called Strike 1-2: Foul Ball, location: 2F 1-2: Strikes out looking
|
|
Batting: RHB Willis Morales
|
0-0: Ball 1-0: Fly out, F6 (Line Drive, 6M, EV 68.1 MPH)
|
|
Batting: LHB Bill Ford
|
0-0: Ball 1-0: Ball 2-0: Ball 3-0: Base on Balls
|
|
Batting: RHB Trevor Mock
|
0-0: Called Strike Bill Ford is caught stealing 2nd base 2-4
|
| Top of the 3rd over - 0 runs, 0 hits, 0 errors, 0 left on base; Toledo 0 - Omaha 0 |
| BOTTOM OF THE 3RD |
|
Omaha Storm Chasers batting - Pitching for Toledo Mud Hens : RHP Ramiro Silva
|
|
Batting: RHB Kevin Wimberly
|
0-0: Ball 1-0: Ball 2-0: Fly out, F9 (Flyball, 9LM, EV 94.4 MPH)
|
|
Batting: SHB Ryoji Hiraoka
|
0-0: Ball 1-0: Ball 2-0: Ball 3-0: Base on Balls
|
|
Batting: RHB Adam Martin
|
0-0: Ball 1-0: Called Strike 1-1: Foul Ball, location: 2F 1-2: Foul Ball, location: 2F 1-2: Ball 2-2: Strikes out looking Ryoji Hiraoka steals 2nd base Batter strikes out.
|
|
Batting: RHB Kazuki Arai
|
0-0: Fly out, F9 (Flyball, 9, EV 96.2 MPH)
|
| Bottom of the 3rd over - 0 runs, 0 hits, 0 errors, 1 left on base; Toledo 0 - Omaha 0 |
| TOP OF THE 4TH |
|
Toledo Mud Hens batting - Pitching for Omaha Storm Chasers : RHP Jim Haggart
|
|
Batting: RHB Trevor Mock
|
0-0: SINGLE (Flyball, 78S, EV 92.5 MPH)
|
|
Batting: RHB Sergio Zamora
|
0-0: Called Strike Trevor Mock steals 2nd base 0-1: Ball 1-1: Ball 2-1: Ball 3-1: Base on Balls
|
|
Batting: RHB Dusty Pollert
|
0-0: Ball 1-0: Swinging Strike 1-1: Ball 2-1: Ball 3-1: Base on Balls Trevor Mock to third Sergio Zamora to second
|
|
Batting: RHB Adam MacConnell
|
0-0: Called Strike 0-1: Fly out, F8 (Flyball, 8RD, EV 100.0 MPH) Runner from 3rd tags up, SCORES, throw by CF Sergio Zamora to third
|
|
Batting: RHB Carlos Armenteros
|
0-0: Ball Pickoff Throw to First - Out! 1-3 1-0: Ball 2-0: Ball 3-0: Called Strike 3-1: Base on Balls
|
|
Batting: SHB Scott Bartholomew
|
0-0: SINGLE (Groundball, 4M, EV 87.5 MPH) (infield hit) Sergio Zamora scores Carlos Armenteros to second
|
|
Batting: RHB Michel Martineau
|
0-0: Ball 1-0: Called Strike 1-1: Ball 2-1: Called Strike 2-2: Strikes out looking
|
| Top of the 4th over - 2 runs, 2 hits, 0 errors, 2 left on base; Toledo 2 - Omaha 0 |
| BOTTOM OF THE 4TH |
|
Omaha Storm Chasers batting - Pitching for Toledo Mud Hens : RHP Ramiro Silva
|
|
Batting: RHB Taisei Fujii
|
0-0: Ball 1-0: Foul Ball, location: 2F 1-1: Ball 2-1: Ball 3-1: Base on Balls
|
|
Batting: SHB Bill Ertl
|
0-0: Ball 1-0: Swinging Strike 1-1: Called Strike 1-2: Ball 2-2: Foul Ball, location: 2F 2-2: Ground out 4-3 (Groundball, 34D, EV 108.1 MPH) Taisei Fujii to second
|
|
Batting: RHB Ken Postlethwaite
|
0-0: Ball 1-0: Ball 2-0: Called Strike 2-1: SINGLE (Groundball, 56S, EV 68.8 MPH) (infield hit) Taisei Fujii to third
|
|
Batting: SHB Mike Williams
|
0-0: Ball 1-0: Foul Ball, location: 2F 1-1: Ball 2-1: Called Strike 2-2: SINGLE (Line Drive, 8LS, EV 103.8 MPH) Taisei Fujii scores Ken Postlethwaite to second
|
|
Batting: RHB Justin Goff
|
0-0: Called Strike 0-1: Foul Ball, location: 2F 0-2: Ball Wild Pitch! Ken Postlethwaite to third Mike Williams to second 1-2: Strikes out swinging
|
|
Batting: RHB Kevin Wimberly
|
0-0: Ball 1-0: Swinging Strike 1-1: Foul Ball, location: 2F 1-2: Ground out 6-3 (Groundball, 6MS, EV 83.1 MPH)
|
| Bottom of the 4th over - 1 run, 2 hits, 0 errors, 2 left on base; Toledo 2 - Omaha 1 |
| TOP OF THE 5TH |
|
Toledo Mud Hens batting - Pitching for Omaha Storm Chasers : RHP Jim Haggart
|
|
Batting: RHB Willis Morales
|
0-0: Fly out, F7 (Flyball, 78M, EV 77.5 MPH)
|
|
Batting: LHB Bill Ford
|
0-0: Foul Ball, location: 2F 0-1: Ball 1-1: Swinging Strike 1-2: Foul Ball, location: 2F 1-2: SINGLE (Line Drive, 34, EV 97.5 MPH)
|
|
Batting: RHB Trevor Mock
|
0-0: Ball 1-0: Ball 2-0: Called Strike 2-1: Called Strike 2-2: Strikes out swinging
|
|
Batting: RHB Sergio Zamora
|
0-0: Called Strike 0-1: Ball 1-1: Swinging Strike 1-2: Strikes out swinging
|
| Top of the 5th over - 0 runs, 1 hit, 0 errors, 1 left on base; Toledo 2 - Omaha 1 |
| BOTTOM OF THE 5TH |
|
Omaha Storm Chasers batting - Pitching for Toledo Mud Hens : RHP Ramiro Silva
|
|
Batting: SHB Ryoji Hiraoka
|
0-0: Ball 1-0: Ball 2-0: Ball 3-0: Called Strike 3-1: Base on Balls
|
|
Batting: RHB Adam Martin
|
0-0: Ball 1-0: Ball 2-0: SINGLE (Groundball, 34S, EV 85.6 MPH) (infield hit) Ryoji Hiraoka to second
|
|
Batting: RHB Kazuki Arai
|
0-0: Ball 1-0: Fly out, F7 (Flyball, 78M, EV 98.1 MPH)
|
|
Batting: RHB Taisei Fujii
|
0-0: Called Strike 0-1: Called Strike 0-2: Ball 1-2: Foul Ball, location: 2F 1-2: Foul Ball, location: 2F 1-2: SINGLE (Groundball, 6MD, EV 98.8 MPH) Ryoji Hiraoka to third Adam Martin to second Runner from 3rd tries for Home, SAFE, throw by CF to home
|
|
Pitching: LHP Jesse Turner
|
|
|
Batting: SHB Bill Ertl
|
0-0: Called Strike 0-1: Foul Ball, location: 2F 0-2: Ball 1-2: Ball Wild Pitch! Adam Martin to third Taisei Fujii to second 2-2: SINGLE (Line Drive, 8RS, EV 91.2 MPH) Adam Martin scores Taisei Fujii to third
|
|
Batting: RHB Ken Postlethwaite
|
0-0: Swinging Strike 0-1: Ground out 5-3 (Groundball, 56S, EV 88.8 MPH) Bill Ertl to second
|
|
Batting: SHB Mike Williams
|
0-0: Foul Ball, location: 2F 0-1: Swinging Strike 0-2: Ball 1-2: Strikes out swinging
|
| Bottom of the 5th over - 2 runs, 3 hits, 0 errors, 2 left on base; Toledo 2 - Omaha 3 |
| TOP OF THE 6TH |
|
Toledo Mud Hens batting - Pitching for Omaha Storm Chasers : RHP Jim Haggart
|
|
Pitching: RHP Ian Current
|
|
|
Batting: RHB Dusty Pollert
|
0-0: Called Strike 0-1: Ball 1-1: Foul Ball, location: 2F 1-2: Strikes out looking
|
|
Batting: RHB Adam MacConnell
|
0-0: Called Strike 0-1: Ball 1-1: Ball 2-1: Ball 3-1: Swinging Strike 3-2: Base on Balls
|
|
Batting: RHB Carlos Armenteros
|
0-0: Called Strike 0-1: Ball 1-1: Called Strike Adam MacConnell is caught stealing 2nd base 2-4 1-2: Ball 2-2: SINGLE (Groundball, 56S, EV 68.8 MPH) (infield hit)
|
|
Batting: SHB Scott Bartholomew
|
0-0: Called Strike 0-1: Ground out U3 (Groundball, 3S, EV 63.8 MPH)
|
| Top of the 6th over - 0 runs, 1 hit, 0 errors, 1 left on base; Toledo 2 - Omaha 3 |
| BOTTOM OF THE 6TH |
|
Omaha Storm Chasers batting - Pitching for Toledo Mud Hens : LHP Jesse Turner
|
|
Batting: RHB Justin Goff
|
0-0: Ground out 5-3 (Groundball, 56S, EV 85.6 MPH)
|
|
Batting: RHB Kevin Wimberly
|
0-0: Ball 1-0: Ball 2-0: Ball 3-0: Base on Balls
|
|
Batting: SHB Ryoji Hiraoka
|
0-0: Ball 1-0: Called Strike 1-1: Foul Ball, location: 2F 1-2: Ball 2-2: Foul Ball, location: 2F 2-2: Ball 3-2: Base on Balls Kevin Wimberly to second
|
|
Batting: RHB Adam Martin
|
0-0: Called Strike 0-1: Ball 1-1: Ball 2-1: Foul Ball, location: 2F 2-2: Foul Ball, location: 2F 2-2: Strikes out swinging
|
|
Batting: RHB Kazuki Arai
|
0-0: Called Strike 0-1: Ball 1-1: Reached on error, E5 (Groundball, 56S, EV 85.6 MPH) Kevin Wimberly to third Ryoji Hiraoka to second
|
|
Pitching: RHP Mike Santana
|
|
|
Batting: RHB Taisei Fujii
|
0-0: Ball 1-0: Swinging Strike 1-1: Ball 2-1: Foul Ball, location: 2F 2-2: Strikes out looking
|
| Bottom of the 6th over - 0 runs, 0 hits, 1 error, 3 left on base; Toledo 2 - Omaha 3 |
| TOP OF THE 7TH |
|
Toledo Mud Hens batting - Pitching for Omaha Storm Chasers : RHP Ian Current
|
|
Batting: RHB Michel Martineau
|
0-0: Fly out, F4 (Popup, 4, EV 57.5 MPH)
|
|
Batting: RHB Willis Morales
|
0-0: Ball 1-0: Called Strike 1-1: Foul Ball, location: 2F 1-2: Foul Ball, location: 2F 1-2: Strikes out looking
|
|
Batting: LHB Bill Ford
|
0-0: Ball 1-0: Foul Ball, location: 2F 1-1: Ball 2-1: Foul Ball, location: 2F 2-2: Strikes out looking
|
| Top of the 7th over - 0 runs, 0 hits, 0 errors, 0 left on base; Toledo 2 - Omaha 3 |
| BOTTOM OF THE 7TH |
|
Omaha Storm Chasers batting - Pitching for Toledo Mud Hens : RHP Mike Santana
|
|
Batting: SHB Bill Ertl
|
0-0: Ball 1-0: Ball 2-0: Ball 3-0: Ground out 5-3 (Groundball, 56S, EV 69.4 MPH)
|
|
Batting: RHB Ken Postlethwaite
|
0-0: Ball 1-0: DOUBLE (Line Drive, 7LM, EV 107.5 MPH)
|
|
Batting: SHB Mike Williams
|
0-0: Intentional Walk
|
|
Batting: RHB Justin Goff
|
0-0: Ball 1-0: Ball 2-0: SINGLE (Line Drive, 4D, EV 105.6 MPH) Ken Postlethwaite to third Mike Williams to second Runner from 3rd tries for Home, SAFE, throw by CF to home
|
|
Batting: RHB Kevin Wimberly
|
0-0: Ball 1-0: Ball 2-0: Ball 3-0: Base on Balls Mike Williams to third Justin Goff to second
|
|
Batting: SHB Ryoji Hiraoka
|
0-0: Ball 1-0: Swinging Strike 1-1: Called Strike 1-2: Ball 2-2: SINGLE (Line Drive, 56D, EV 93.8 MPH) Mike Williams scores Justin Goff to third Kevin Wimberly to second
|
|
Batting: RHB Adam Martin
|
0-0: Ball 1-0: Ball 2-0: Fly out, F7 (Flyball, 78S, EV 89.4 MPH)
|
|
Batting: RHB Kazuki Arai
|
0-0: Ground out U3 (Groundball, 3, EV 100.0 MPH)
|
| Bottom of the 7th over - 2 runs, 3 hits, 0 errors, 3 left on base; Toledo 2 - Omaha 5 |
| TOP OF THE 8TH |
|
Toledo Mud Hens batting - Pitching for Omaha Storm Chasers : RHP Ian Current
|
|
Pitching: RHP Philip Terrell
|
|
|
Batting: RHB Trevor Mock
|
0-0: Ball 1-0: Ball 2-0: Ball 3-0: Called Strike 3-1: SINGLE (Groundball, 4MD, EV 108.8 MPH)
|
|
Batting: RHB Sergio Zamora
|
0-0: Swinging Strike 0-1: Foul Ball, location: 2F 0-2: Ball 1-2: Foul Ball, location: 2F 1-2: SINGLE (Line Drive, 7S, EV 93.8 MPH) Trevor Mock to second
|
|
Batting: RHB Dusty Pollert
|
0-0: Ball 1-0: SINGLE (Groundball, 6S, EV 69.4 MPH) (infield hit) Trevor Mock to third Sergio Zamora to second
|
|
Batting: RHB Adam MacConnell
|
0-0: Ball 1-0: Grounds into fielders choice 5-2 (Groundball, 5S, EV 64.4 MPH) Sergio Zamora to third Dusty Pollert to second
|
|
Batting: RHB Carlos Armenteros
|
0-0: Ball 1-0: Foul Ball, location: 2F 1-1: Called Strike 1-2: Ball 2-2: Strikes out swinging
|
|
Batting: SHB Scott Bartholomew
|
0-0: Called Strike 0-1: Called Strike 0-2: Fielders Choice at 2nd, 6-4 (Groundball, 6, EV 91.9 MPH)
|
| Top of the 8th over - 0 runs, 3 hits, 0 errors, 3 left on base; Toledo 2 - Omaha 5 |
| BOTTOM OF THE 8TH |
|
Omaha Storm Chasers batting - Pitching for Toledo Mud Hens : RHP Mike Santana
|
|
Batting: RHB Taisei Fujii
|
0-0: Called Strike 0-1: Ball 1-1: Foul Ball, location: 2F 1-2: Ball 2-2: Foul Ball, location: 2F 2-2: Strikes out swinging
|
|
Batting: SHB Bill Ertl
|
0-0: Called Strike 0-1: Ball 1-1: Ball 2-1: SINGLE (Groundball, 4MS, EV 70.6 MPH) (infield hit)
|
|
Batting: RHB Ken Postlethwaite
|
0-0: Called Strike 0-1: Foul Ball, location: 2F 0-2: Ball 1-2: Strikes out looking
|
|
Batting: SHB Mike Williams
|
0-0: Called Strike 0-1: Ball 1-1: Ball 2-1: Ball 3-1: Ground out 4-3 (Groundball, 4, EV 108.1 MPH)
|
| Bottom of the 8th over - 0 runs, 1 hit, 0 errors, 1 left on base; Toledo 2 - Omaha 5 |
| TOP OF THE 9TH |
|
Toledo Mud Hens batting - Pitching for Omaha Storm Chasers : RHP Philip Terrell
|
|
Pitching: RHP Gan Ts'ong
|
|
|
Now at 2B: Yuichi Takata
|
|
|
Batting: RHB Michel Martineau
|
0-0: Foul Ball, location: 2F 0-1: SINGLE (Groundball, 6MS, EV 90.6 MPH) (infield hit)
|
|
Batting: RHB Willis Morales
|
0-0: Swinging Strike 0-1: Ball 1-1: Called Strike 1-2: Strikes out looking
|
|
Batting: LHB Bill Ford
|
0-0: Called Strike 0-1: Ball 1-1: Ball Wild Pitch! Michel Martineau to second 2-1: Foul Ball, location: 2F 2-2: Foul Ball, location: 2F 2-2: Foul Ball, location: 2F 2-2: Foul Ball, location: 2F 2-2: Foul Ball, location: 2F 2-2: Strikes out looking
|
|
Batting: RHB Trevor Mock
|
0-0: Called Strike 0-1: DOUBLE (Groundball, 5L, EV 103.8 MPH) Michel Martineau scores
|
|
Batting: RHB Sergio Zamora
|
0-0: Called Strike 0-1: Ball 1-1: Fly out, F6 (Popup, 6, EV 68.1 MPH)
|
| Top of the 9th over - 1 run, 2 hits, 0 errors, 1 left on base; Toledo 3 - Omaha 5 |
|